 Dungeon Crawl Stone Soup version 0.21-b1-15-gfba53cd (webtiles) character file.

230 Frisk the Chopper (level 5, -3/48 HPs)
             Began as a Minotaur Berserker on Jan 3, 2018.
             Was a Priest of Trog.
             Slain by Natasha (6 damage)
             ... on level 3 of the Dungeon.
             The game lasted 00:04:02 (2467 turns).

Frisk the Chopper (Minotaur Berserker)              Turns: 2467, Time: 00:04:03

Health: -3/48      AC:  2    Str: 23    XL:     5   Next: 72%
Magic:  4/4        EV: 12    Int:  4    God:    Trog [***...]
Gold:   101        SH:  0    Dex:  9    Spells: 4/4 levels left

rFire    . . .     SeeInvis .   a - +0 hand axe
rCold    . . .     Gourm    .   (no shield)
rNeg     . . .     Faith    .   b - +0 animal skin
rPois    .         Spirit   .   (helmet restricted)
rElec    .         Reflect  .   (no cloak)
rCorr    .         Harm     .   (no gloves)
MR       .....                  (no boots)
Stlth    +.........             (no amulet)
HPRegen  0.16/turn              (no ring)
MPRegen  0.09/turn              (no ring)

@: slowed, very slow
A: retaliatory headbutt, horns 2
a: Berserk, Trog's Hand, Burn Spellbooks, Renounce Religion


You were on level 3 of the Dungeon.
You worshipped Trog.
Trog was most pleased with you.
You were not hungry.

You visited 1 branch of the dungeon, and saw 4 of its levels.

You collected 101 gold pieces.

Inventory:

Hand Weapons
 a - a +0 hand axe (weapon)
Armour
 b - a +0 animal skin (worn)
Scrolls
 d - a scroll of teleportation {unknown}
 f - 4 scrolls of remove curse {unknown}
 g - 5 scrolls of identify {unknown}
 j - a scroll of blinking {unknown}
 m - a scroll of magic mapping {unknown}
Potions
 e - a potion of magic {unknown}
 h - 3 potions of curing {unknown}
 i - a potion of degeneration {unknown}
 k - a potion of lignification {unknown}
Comestibles
 c - 10 rations
 l - a chunk of flesh


   Skills:
 + Level 5.3 Fighting
 + Level 5.3 Axes
 + Level 4.7 Armour
 - Level 2.1 Dodging


You had 4 spell levels left.
You didn't know any spells.

Dungeon Overview and Level Annotations

Branches:
Dungeon (4/15)             Temple (0/1) D:4

Altars:
Uskayaw

Annotations:
D:3 Natasha


Innate Abilities, Weirdness & Mutations

You reflexively headbutt those who attack you in melee.
You have a pair of horns on your head.


Message History

Natasha stares at you and mumbles some strange words.
You feel as though you will be slow longer.
Natasha stares at you and mumbles some strange words.
The magic dart hits you!
You see here a whip of venom.
Things that are here:
a dagger; a chain mail Natasha claws you!
Natasha claws you.
* * * LOW HITPOINT WARNING * * *
There is a stone staircase leading up here.
Natasha claws you!
* * * LOW HITPOINT WARNING * * *
Natasha claws you.
* * * LOW HITPOINT WARNING * * *
You climb upwards.
There is a stone staircase leading down here.
You closely miss Natasha.
Natasha growls.
Natasha claws you.
You die...

###.############.#
(...##...........#
###.##.#########.# # #.##.# #.# #
#.##.# #.# # #.##.#########.# #
#.##.##.....##.#
###.##.##.....##.################
#....#.##.....##@h...............
#.####.##.....##.#########....###
#(####.##.....##.# #....#
#..).#.##.....##.###### #....#
####.#.##.............####....###
####.#.##................'.......
#<...#.##.............####....###
######.######.........# #....#
...........##.........# #....#


You could see Natasha.

Vanquished Creatures
  A jelly (D:2)
  An orc priest (D:4)
  Robin (D:2)
  7 adders
  A dart slug (D:1)
  A leopard gecko (D:3)
  4 orcs (D:4)
  A ball python (D:3)
  5 giant cockroaches
  11 hobgoblins
  11 jackals
  7 kobolds
  9 bats
  A frilled lizard (D:1)
  15 goblins
  6 rats
82 creatures vanquished.

Notes
Turn   | Place    | Note
-------+----------+-------------------------------------------
     0 | D:1      | Frisk the Minotaur Berserker began the quest for the Orb.
     0 | D:1      | Reached XP level 1. HP: 19/19 MP: 0/0
   359 | D:1      | Reached XP level 2. HP: 18/27 MP: 1/1
   735 | D:2      | Noticed Robin
   739 | D:2      | Reached XP level 3. HP: 33/33 MP: 2/2
   744 | D:2      | Reached ** piety under Trog
   752 | D:2      | Killed Robin
   756 | D:2      | Reached XP level 4. HP: 33/41 MP: 3/3
  1100 | D:2      | Found a hide-covered altar of Uskayaw.
  1623 | D:3      | Reached XP level 5. HP: 44/47 MP: 4/4
  1690 | D:3      | Reached skill level 5 in Axes
  1842 | D:3      | Reached skill level 5 in Fighting
  1856 | D:3      | Reached *** piety under Trog
  2399 | D:4      | Found a staircase to the Ecumenical Temple.
  2454 | D:4      | Noticed Natasha
  2465 | D:4      | HP: 2/48 [Natasha (2)]
  2467 | D:3      | Slain by Natasha

Skill      XL: |  1  2  3  4  5 |
---------------+----------------+-----
Axes           | 4 5 |  5.3
Fighting       | 4 5 |  5.3
Armour         | 3 4 |  4.7
Dodging        | |  2.1

Action                   |  1- 3 |  4- 6 || total
-------------------------+-------+-------++-------
Melee: Hand axe          |    60 |    90 ||   150
       Headbutt          |    12 |    11 ||    23
Invok: Berserk           |     1 |     1 ||     2
  Eat: Chunk             |       |     7 ||     7
Armor: Animal skin       |    16 |    20 ||    36
Dodge: Dodged            |    40 |    74 ||   114
